 Dungeon Crawl Stone Soup version 0.31-a0-743-g45f7035092 (webtiles) character file.

Game seed: 11219581104361513068

142 cforsyth the Trooper (level 5, 0/37 HPs)
             Began as a Djinni Chaos Knight on Sept 13, 2023.
             Was a Plaything of Xom.
             Slain by an iguana (4 damage)
             ... in the Ecumenical Temple.
             The game lasted 00:02:47 (3066 turns).

cforsyth the Trooper (Djinni Chaos Knight)          Turns: 3066, Time: 00:02:48

Health: 0/37       AC:  5    Str: 11    XL:     5   Next: 50%
Gold:   222        EV: 11    Int: 15    God:    Xom [*.....] SH:  0 Dex: 13

rFire   + + .        a - +0 falchion (chaos)
rCold   x x .        (no shield)
rNeg    . . .        b - +2 leather armour
rPois   ∞            (no helmet)
rElec   .            (no cloak)
rCorr   .            (no gloves)
SInv    .            (boots unavailable)
Will    .....        (no amulet)
Stlth   +            (no ring)
HPRegen 0.26/turn    (no ring)
MPRegen 0.00/turn

%: infuse magic (-1 HP)
@: flying, very slightly contaminated
A: sickness immunity, fire resistance 2, cold vulnerability 2, float, innate
caster, HP casting, extra vitality 1, frail 1
a: Renounce Religion


You were in the Ecumenical Temple.
You worshipped Xom.
You were a special plaything of Xom.
You visited 2 branches of the dungeon, and saw 6 of its levels.

You collected 222 gold pieces.

Inventory:

Hand Weapons
 a - a +0 falchion of chaos (weapon)
Missiles
 d - a throwing net
Armour
 b - a +2 leather armour (worn)
Wands
 h - a wand of flame (15)
 m - a wand of mindburst (6)
Scrolls
 c - 2 scrolls of identify {unknown}
 e - a scroll of fear {unknown}
 f - a scroll of vulnerability {unknown}
 g - 2 scrolls of teleportation {unknown}
 l - a scroll of fog {unknown}
 n - a scroll of immolation {unknown}
Potions
 i - 3 potions of might {unknown}
 j - a potion of mutation {unknown}
 k - 2 potions of curing {unknown}
 o - a potion of brilliance {unknown}


   Skills:
 + Level 4.5 Fighting
 - Level 2.6 Long Blades
 - Level 1.0 Armour
 - Level 2.1 Dodging
 + Level 2.3 Spellcasting
 + Level 2.3 Conjurations
 + Level 2.3 Hexes
   Level 0.0 Charms
 + Level 2.3 Summonings
 + Level 2.3 Necromancy
 + Level 2.3 Translocations
 + Level 2.3 Transmutations
 + Level 2.3 Fire Magic
 + Level 2.3 Ice Magic
 + Level 2.3 Air Magic
 + Level 2.3 Earth Magic
 + Level 2.3 Poison Magic


You knew the following spells:

 Your Spells              Type           Power      Damage    Failure   Level
a - Freeze                Ice            32%        1d5       11%         1
b - Blink                 Tloc           16%        N/A       17%         2
Your spell library was empty.

Dungeon Overview and Level Annotations

Branches:
Dungeon (5/15)             Temple (1/1) D:5

Altars:
Ashenzari
Elyvilon
Fedhas
Hepliaklqana
Makhleb
Okawaru
Qazlal
Ru
Trog
Uskayaw
Xom
Yredelemnul
The Shining One

Shops:
D:4 *

Annotations:
D:2 Sigmund
D:4 2 transporters


Innate Abilities, Weirdness & Mutations

You are immune to sickness and miasma.
You are immune to poison.
Your flesh is very heat resistant. (rF++)
You are very vulnerable to cold. (rC--)
You float through the air rather than walking.
You learn spells naturally, not from books.
Your magical power is your life essence.
You have superior vitality. (+4 MHP)
You are frail. (-10% HP)


Message History

The ufetubus barely misses you. x2
The ufetubus attacks as it pursues you! The ufetubus misses you.
The ufetubus closely misses you.
Found a lead wand.
The ufetubus attacks as it pursues you! The ufetubus closely misses you.
The ufetubus hits you but does no damage.
The iguana attacks as it pursues you! The iguana bites you!
The ufetubus hits you.
The ufetubus hits you but does no damage.
There is a staircase to the Ecumenical Temple here.
You can't go up here!
The ufetubus hits you.
The ufetubus hits you but does no damage. x3
You fly downwards.
Welcome to the Ecumenical Temple!
Found twelve altars.
Found a staircase back to the Dungeon.
There is a staircase back to the Dungeon here.
Casting: Freeze (safe; 11% risk of failure)
Confirm with . or Enter, or press ? or * to list all spells.
Aiming: Freeze (safe; 11% risk of failure)
Press: ? - help, Shift-Dir - straight line, f - iguana
Aim: an iguana You freeze the iguana.
The iguana is lightly wounded.
The iguana seems to slow down.
The ufetubus barely misses you.
The ufetubus hits you but does no damage.
The iguana bites you!
* * * LOW HITPOINT WARNING * * *
Casting: Freeze (safe; 11% risk of failure)
Confirm with . or Enter, or press ? or * to list all spells.
You don't know that spell.
Casting: Freeze (safe; 11% risk of failure)
Confirm with . or Enter, or press ? or * to list all spells.
You miscast Blink.
You are very lightly contaminated with residual magic.
Nothing appears to happen.
* * * LOW HITPOINT WARNING * * *
The ufetubus completely misses you. The ufetubus hits you.
* * * LOW HITPOINT WARNING * * *
The iguana bites you.
You die...

##.........# #.........##
#....._....## ##...._.....#
#...........# #...........#
#......._...###..._.......#
###..........#..........###
###....._..#.._.....###
###.............###
###.....l...### ###.5@..###
###.........###
###.............###
###....._..#.._.....###
###..........#..........###
#......._...###..._.......#
#...........# #...........#
#....._....## ##...._.....#
##.........# #.........##


You could see an iguana (slow) and an ufetubus.

Vanquished Creatures
  A crimson imp (D:3)
  A hound (D:5)
  2 adders
  A dart slug (D:1)
  5 orcs (D:4)
  2 endoplasms
  2 giant cockroaches
  8 goblins
  5 hobgoblins
  2 jackals (D:1)
  2 kobolds
  A quokka (D:2)
  5 ball pythons
  4 bats
  4 frilled lizards
  7 rats
52 creatures vanquished.

Vanquished Creatures (others)
  A rat (D:2)
1 creature vanquished.

Grand Total: 53 creatures vanquished

Notes
Turn   | Place    | Note
-------+----------+-------------------------------------------
     0 | D:1      | cforsyth the Djinni Chaos Knight began the quest for the
                  | Orb.
     0 | D:1      | Reached XP level 1. HP: 20/20 MP: 0/0
    25 | D:1      | XOM: silly message
   173 | D:1      | Reached XP level 2. HP: 25/25 MP: 0/0
   324 | D:1      | Reached skill level 1 in Spellcasting
   324 | D:1      | Reached skill level 1 in Conjurations
   324 | D:1      | Reached skill level 1 in Hexes
   324 | D:1      | Reached skill level 1 in Summonings
   324 | D:1      | Reached skill level 1 in Necromancy
   324 | D:1      | Reached skill level 1 in Translocations
   324 | D:1      | Reached skill level 1 in Transmutations
   324 | D:1      | Reached skill level 1 in Fire Magic
   324 | D:1      | Reached skill level 1 in Ice Magic
   324 | D:1      | Reached skill level 1 in Air Magic
   324 | D:1      | Reached skill level 1 in Earth Magic
   324 | D:1      | Reached skill level 1 in Poison Magic
   329 | D:1      | XOM: silly message
   830 | D:2      | Reached XP level 3. HP: 30/30 MP: 0/0
   830 | D:2      | Learned a level 1 spell: Freeze
   880 | D:2      | XOM: destruction
   888 | D:2      | Noticed Sigmund
   941 | D:2      | Sigmund changed into Sigmund the glowing shapeshifter
   941 | D:2      | Noticed Sigmund (glowing shapeshifter)
   941 | D:2      | XOM: polymorph Sigmund -> Sigmund the glowing shapeshifter
   941 | D:2      | Sigmund the glowing shapeshifter changed into Sigmund the
                  | swamp dragon
   941 | D:2      | Noticed Sigmund (glowing shapeshifter)
   944 | D:2      | Sigmund the swamp dragon changed into Sigmund the wind
                  | drake
   944 | D:2      | Noticed Sigmund (glowing shapeshifter)
  1063 | D:3      | Noticed Grinder
  1064 | D:3      | Paralysed by Grinder for 4 turns
  1065 | D:3      | Grinder changed into Grinder the crimson imp
  1065 | D:3      | Noticed Grinder
  1065 | D:3      | XOM: polymorph Grinder -> Grinder the crimson imp
  1076 | D:3      | Killed Grinder the crimson imp
  1077 | D:3      | Reached skill level 4 in Fighting
  1077 | D:3      | Reached XP level 4. HP: 36/37 MP: 0/0
  1486 | D:3      | XOM: summons 1 hostile shadow creature
  1650 | D:3      | XOM: cloud trail
  1776 | D:4      | XOM: noise
  1803 | D:4      | XOM: divination: detect items
  2005 | D:4      | Found a transporter.
  2102 | D:4      | Found a transporter.
  2136 | D:4      | Reached XP level 5. HP: 37/41 MP: 0/0
  2136 | D:4      | Learned a level 2 spell: Blink
  2567 | D:4      | Found Holikk's Lightly-Used Armoury.
  2626 | D:4      | XOM: summons 1 hostile demon
  2821 | D:4      | XOM: give mutations
  2821 | D:4      | Gained mutation: You are frail. (-10% HP) [Xom's mischief]
  2821 | D:4      | Gained mutation: You are very vulnerable to cold. (rC--)
                  | [Xom's mischief]
  2859 | D:5      | Entered Level 5 of the Dungeon
  2913 | D:5      | Identified the +1 robe of the Snail {rPois rF+}
  3056 | D:5      | Found a staircase to the Ecumenical Temple.
  3064 | Temple   | Entered the Ecumenical Temple
  3066 | Temple   | Slain by an iguana

Illustrated notes

Levels and vault maps discovered:
D:1:      dpeg_arrival_windows_large_door, layout_basic
D:2:      layout_loops_cross, uniq_sigmund, uniq_natasha
D:3:      layout_basic, uniq_grinder
D:4:      gammafunk_cloud_chamber, layout_layer_cave, minmay_shop_damaged,
          minmay_splitting_lines
D:5:      layout_loops_ring, nicolae_wu_jian_immortal_techniques,
          kennysheep_mini_moat, minmay_temple_entry_ruins, serial_rivers,
          chequers_serial_rivers_micro_c, chequers_serial_rivers_large_b,
          chequers_serial_rivers_room_b, chequers_serial_rivers_micro_c
Temple:   nicolae_temple_x_marks_the_god

Skill      XL: |  1  2  3  4 |
---------------+-------------+-----
Spellcasting   | 1 2 |  2.3
Conjurations   | 1 2 |  2.3
Hexes          | 1 2 |  2.3
Summonings     | 1 2 |  2.3
Necromancy     | 1 2 |  2.3
Translocations | 1 2 |  2.3
Transmutations | 1 2 |  2.3
Fire Magic     | 1 2 |  2.3
Ice Magic      | 1 2 |  2.3
Air Magic      | 1 2 |  2.3
Earth Magic    | 1 2 |  2.3
Poison Magic   | 1 2 |  2.3
Fighting       | 4 |  4.5
Long Blades    | |  2.6
Armour         | |  1.0
Dodging        | |  2.1

Action                     |  1- 3 |  4- 6 || total
---------------------------+-------+-------++-------
  Melee: Falchion          |    73 |    96 ||   169
         Punch             |       |     2 ||     2
   Cast: Freeze            |     1 |     6 ||     7
    Use: Scroll            |     1 |       ||     1
 Armour: Leather armour    |    46 |    92 ||   138
  Dodge: Dodged            |    43 |    79 ||   122

Table legend: (Time is in decaauts)
 A = Elapsed time spent in this place.
 B = Non-inter-level travel time spent in this place.
 C = Inter-level travel time spent in this place.
 D = Time resting spent in this place.
 E = Time spent auto-exploring this place.
 F = Levels seen in this place.
 G = Mean time per level.
                   A        B        C        D        E       F      G
               +--------+--------+--------+--------+--------+-----+--------+
         Total |   3094 |   2997 |     97 |     36 |   2500 |   6 |  515.7 |
       Dungeon |   3093 |   2996 |     97 |     36 |   2500 |   5 |  618.6 |
        Temple |      1 |      1 |      0 |      0 |      0 |   1 |    1.0 |
               +--------+--------+--------+--------+--------+-----+--------+

Top non-repeatable levels by time:
     D:4: 1094 daAuts
     D:1: 863 daAuts
     D:3: 827 daAuts
     D:5: 204 daAuts
     D:2: 103 daAuts
  Temple: 1 daAuts
